 Dungeon Crawl Stone Soup version 0.31.0-10-gcf4a605ca0 (webtiles) character file.

Game seed: 10543038923635088162

561047 inmateoo the Unforgettable (level 26, -15/191 HPs)
             Began as a Gnoll Artificer on Jan 26, 2024.
             Was the Champion of Hepliaklqana.
             Killed from afar by an ancient lich (109 damage)
             ... with a crystal spear
             ... on level 5 of the Realm of Zot.
             The game lasted 02:13:53 (60847 turns).

inmateoo the Unforgettable (Gnoll Artificer)       Turns: 60847, Time: 02:13:54

Health: -15/191    AC: 38    Str: 23    XL:     26   Next: 64%
Magic:  19/45      EV: 20    Int: 13    God:    Hepliaklqana [******]
Gold:   4707       SH: 16    Dex: 21    Spells: 6/61 levels left

rFire   + + +        A - +7 demon trident (spect)
rCold   + . .        T - +0 kite shield {rC+}
rNeg    + . .        V - +10 chain mail "Tastrekh" {rN+ Regen+}
rPois   +            B - +0 helmet of the Eleven Scars {rPois}
rElec   +            Q - +2 cloak {Will+}
rCorr   .            e - +2 pair of gloves {Str+3}
SInv    .            r - +2 pair of boots {Fly}
Will    +++..        q - amulet "Zyriuf" {Faith rElec rF+ rC- Will+}
Stlth   +++++        H - ring of Gozag, Uplifting {*Slow rF+ rC+ Dex+6}
HPRegen 1.31/turn    s - ring of Alykla Homu {rF+ Dex+3}
MPRegen 0.29/turn

%: slow self (1%), faith
@: flying, studying 2 skills
A: reduced essence, fangs 1, strong nose, distributed training, clumsy 1
}: 3/15 runes: decaying, slimy, gossamer
a: Renounce Religion, Recall Ancestor, Ancestor Identity, Transference, Idealise


You were on level 5 of the Realm of Zot.
You worshipped Hepliaklqana.
Hepliaklqana was exalted by your worship.
You visited 11 branches of the dungeon, and saw 52 of its levels.
You visited the Abyss 3 times.
You visited 1 bazaar.
You also visited: Ice Cave.

You collected 6998 gold pieces.
You spent 2291 gold pieces at shops.

Inventory:

Hand Weapons
 A - a +7 spectral demon trident (weapon)
Missiles
 l - 3 throwing nets
 S - 7 javelins (quivered)
Armour
 e - a +2 pair of gloves of strength (worn)
 i - the +0 kite shield of Zostieno {rCorr}
   (You acquired it on level 7 of the Dungeon)

   rCorr:     It protects you from acid and corrosion.
 r - a +2 pair of boots of flying (worn)
 B - the +0 helmet of the Eleven Scars (worn) {rPois}
   (You bought it in a shop on level 1 of the Orcish Mines)

   rPois:     It protects you from poison
 Q - a +2 cloak of willpower (worn)
 T - a +0 kite shield of cold resistance (worn)
 V - the +10 chain mail "Tastrekh" (worn) {rN+ Regen+}
   (You bought it in a shop on level 6 of the Dungeon)

   rN+:       It protects you from negative energy.
   Regen+:    It increases your rate of health regeneration.
Jewellery
 h - the ring "Necid" {rPois rN+ Will+ Dex-2 SInv}
   (You acquired it on level 1 of the Spider Nest)

   [ring of willpower]

   Dex-2:     It affects your dexterity (-2).
   rPois:     It protects you from poison rN+: It protects you from negative
   energy.
   Will+:     It increases your willpower.
   SInv:      It lets you see invisible.
 q - the amulet "Zyriuf" (around neck) {Faith rElec rF+ rC- Will+}
   (You acquired it on level 1 of the Lair of Beasts)

   [amulet of faith]

   Faith:     It allows you to gain divine favour quickly.
   rF+:       It protects you from fire.
   rC-:       It makes you vulnerable to cold.
   rElec:     It insulates you from electricity.
   Will+:     It increases your willpower.
 s - the ring of Alykla Homu (right hand) {rF+ Dex+3}
   (You took it off a necromancer on level 5 of the Lair of Beasts)

   [ring of protection from fire]

   Dex+3:     It affects your dexterity (+3).
   rF+:       It protects you from fire.
 H - the ring of Gozag, Uplifting (left hand) {*Slow rF+ rC+ Dex+6}
   (You found it on level 5 of the Realm of Zot)

   [ring of dexterity]

   Dex+6:     It affects your dexterity (+6).
   rF+:       It protects you from fire.
   rC+:       It protects you from cold.
   *Slow:     It may slow you when you take damage.
Wands
 a - a wand of mindburst (31)
 c - a wand of flame (133)
 w - a wand of paralysis (92)
 J - a wand of polymorph (16)
 K - a wand of roots (61)
 L - a wand of light (10)
 P - a wand of digging (29)
Scrolls
 b - 2 scrolls of revelation
 k - 28 scrolls of teleportation
 v - 19 scrolls of identify
 x - 11 scrolls of fog
 y - a scroll of silence
 z - 6 scrolls of blinking
 D - 4 scrolls of immolation
 I - a scroll of summoning
 N - 10 scrolls of fear
 R - 5 scrolls of enchant armour
Potions
 d - 2 potions of invisibility
 f - 10 potions of heal wounds
 g - 3 potions of mutation
 m - 25 potions of curing
 n - 4 potions of cancellation
 o - 6 potions of haste
 t - 5 potions of ambrosia
 u - 5 potions of berserk rage
 C - 5 potions of magic
 G - 7 potions of enlightenment
 M - 5 potions of might
 W - 3 potions of resistance
Miscellaneous
 j - a condenser vane (inert)
 E - a phantom mirror (inert)
 Y - a lightning rod (4/4)


   Skills:
 + Level 18.5 Fighting
 + Level 18.3 Short Blades
 + Level 18.3 Long Blades
 + Level 18.3 Axes
 + Level 18.3 Maces & Flails
 + Level 18.3 Polearms
 + Level 18.3 Staves
 + Level 18.3 Ranged Weapons
 + Level 18.3 Throwing
 + Level 18.8 Armour
 + Level 18.5 Dodging
 + Level 18.5 Stealth
 + Level 18.3 Shields
 + Level 18.3 Unarmed Combat
 + Level 18.3 Spellcasting
 + Level 15.6 Conjurations
 + Level 15.6 Hexes
 + Level 19.0 Summonings
 + Level 15.6 Necromancy
 + Level 15.6 Translocations
 + Level 16.8 Fire Magic
 + Level 15.6 Ice Magic
 + Level 15.6 Air Magic
 + Level 15.6 Earth Magic
 + Level 15.6 Alchemy
 + Level 19.8 Invocations
 + Level 19.3 Evocations
 + Level 16.9 Shapeshifting


You had 6 spell levels left.
You knew the following spells:

 Your Spells              Type           Power      Damage    Failure   Level
a - Apportation           Tloc           100%       N/A       1%          1
b - Swiftness             Air            51%        N/A       1%          3
c - Passwall              Erth           51%        N/A       1%          3
e - Stone Arrow           Conj/Erth      100%       3d13      1%          3
f - Summon Forest         Summ/Tloc      27%        N/A       1%          5
g - Borgnjor's Vile Clut  Necr/Erth      25%        N/A       1%          5
h - Passage of Golubria   Tloc           51%        N/A       1%          4
i - Freezing Cloud        Conj/Ice/Air   25%        6-21      1%          5
j - Monstrous Menagerie   Summ           28%        N/A       6%          7
k - Summon Mana Viper     Hex/Summ       54%        N/A       1%          5
l - Summon Hydra          Summ           28%        N/A       6%          7
m - Malign Gateway        Summ/Tloc      27%        N/A       13%         7

Your spell library contained the following spells:

 Spells                   Type           Power      Damage    Failure   Level
 Summon Small Mammal      Summ           100%       N/A       0%          1
 Magic Dart               Conj           100%       1d8       1%          1
 Necrotise                Necr           100%       1d9       1%          1
 Shock                    Conj/Air       100%       1d9       1%          1
 Sting                    Conj/Alch      100%       1d9       1%          1
 Cigotuvi's Dreadful Rot  Necr/Alch/Air  100%       N/A       1%          2
 Ensorcelled Hibernation  Hex/Ice        100%       N/A       1%          2
 Jinxbite                 Hex            100%       N/A       1%          2
 Mercury Vapours          Alch/Air       100%       N/A       1%          2
 Searing Ray              Conj           100%       2d8       1%          2
 Static Discharge         Conj/Air       100%       3-8/arc   1%          2
 Sublimation of Blood     Necr           51%        N/A       1%          2
 Frozen Ramparts          Ice            100%       1d16      1%          3
 Fugue of the Fallen      Necr           51%        N/A       1%          3
 Gell's Gravitas          Tloc           51%        N/A       1%          3
 Inner Flame              Hex/Fire       52%        N/A       1%          3
 Mephitic Cloud           Conj/Alch/Air  51%        N/A       1%          3
 Summon Ice Beast         Ice/Summ       54%        N/A       1%          3
 Teleport Other           Tloc           51%        N/A       1%          3
 Tukima's Dance           Hex            51%        N/A       1%          3
 Vampiric Draining        Necr           51%        2d9       1%          3
 Airstrike                Air            25%        2d(4-20)  1%          4
 Anguish                  Hex/Necr       25%        N/A       1%          4
 Animate Armour           Summ/Erth      100%       N/A       1%          4
 Animate Dead             Necr           51%        N/A       1%          4
 Cause Fear               Hex            25%        N/A       1%          4
 Dimensional Bullseye     Hex/Tloc       25%        N/A       1%          4
 Dispel Undead            Necr           51%        3d19      1%          4
 Flame Wave               Conj/Fire      52%        2d13      1%          4
 Fulminant Prism          Conj/Alch      25%        3d14      1%          4
 Iskenderun's Mystic Bla  Conj/Tloc      51%        2d11      1%          4
 Leda's Liquefaction      Alch/Erth      25%        N/A       1%          4
 Martyr's Knell           Necr/Summ      54%        N/A       1%          4
 Olgreb's Toxic Radiance  Alch           51%        N/A       1%          4
 Petrify                  Alch/Erth      51%        N/A       1%          4
 Sticky Flame             Fire/Alch      52%        2d9       1%          4
 Vhi's Electric Charge    Tloc/Air       100%       N/A       1%          4
 Alistair's Intoxication  Alch           34%        N/A       1%          5
 Arcjolt                  Conj/Air       25%        1d35      1%          5
 Curse of Agony           Necr           51%        N/A       1%          5
 Fireball                 Conj/Fire      26%        3d12      1%          5
 Irradiate                Conj/Alch      25%        3d20      1%          5
 Metabolic Englaciation   Hex/Ice        25%        N/A       1%          5
 Yara's Violent Unravell  Hex/Alch       25%        3d11      1%          5
 Death Channel            Necr           25%        N/A       4%          6
 Dispersal                Tloc           25%        N/A       4%          6
 Eringya's Noxious Bog    Alch           25%        4d6       4%          6
 Haunt                    Necr/Summ      27%        N/A       13%         7
 Enfeeble                 Hex            25%        N/A       26%         7
 Summon Horrible Things   Summ           28%        N/A       45%         8
 Infestation              Necr           25%        N/A       90%         8
 Lehudib's Crystal Spear  Conj/Erth      25%        10d7      90%         8
 Maxwell's Capacitive Co  Air            25%        ∞         90%         8
 Dragon's Call            Summ           28%        N/A       100%        9


Dungeon Overview and Level Annotations

Branches:
Dungeon (15/15)            Temple (1/1) D:4            Lair (5/5) D:11
  Swamp (4/4) Lair:3       Spider (4/4) Lair:2        Slime (5/5) Lair:4
    Orc (2/2) D:12            Elf (3/3) Orc:2        Vaults (4/5) D:13
  Crypt (0/3) Vaults:3     Depths (4/4) D:15            Zot (5/5) Depths:4
  IceCv (visited)

Altars:
Ashenzari
Cheibriados
Dithmenos
Elyvilon
Fedhas
Gozag
Hepliaklqana
Kikubaaqudgha
Makhleb
Nemelex Xobeh
Okawaru
Qazlal
Ru
Sif Muna
Trog
Uskayaw
Vehumet
Wu Jian
Xom
Yredelemnul
Zin
The Shining One
Jiyva

Shops:
D:6 [!?   D:10 :   D:11 (   D:12 !   D:13 *   Orc:1 [   Orc:2 *[[*!   Elf:3 [
Vaults:2 ((:([   Vaults:4 =

Portals:
Hell: Depths:1 Depths:2 Depths:3 Depths:4
Abyss: Depths:2 Depths:3 Depths:4
Pandemonium: Depths:2
Ziggurat: Depths:3

Annotations:
D:12 2 transporters, t4s4d4r's ghost, journeyman DEEE
Spider:1 Roxanne
Depths:3 2 transporters, Poanarph's ghost, veteran GrAl
Zot:2 1 exclusion


Innate Abilities, Weirdness & Mutations

Your life essence is reduced to manifest your ancestor. (-10% HP)
You have very sharp teeth.
Your uncanny sense of smell can sniff out nearby items.
Your experience applies equally to all skills.
You are clumsy. (Dex -2)


Message History

The bolt of magma hits something!
You feel much better.
Simosihle is no longer covered in acid.
Something touches you but does no damage.
The electric golem hits you but does no damage.
The electric golem completely misses you. x2
The electric golem hits you but does no damage.
Simosihle hits something with a +0 lajatang of freezing!
Simosihle freezes something.
You block something's attack.
You hit something but do no damage. Your bite misses something.
Your +7 spectral demon trident hits something but does no damage.
The electric golem hits you! The electric golem shocks you. You resist.
The electric golem hits you but does no damage.
The electric golem closely misses you.
The electric golem hits you but does no damage.
Something touches you but does no damage.
Simosihle hits something with a +0 lajatang of freezing!!
Simosihle freezes something.
You block the electric golem's attack. x3
The electric golem hits you but does no damage.
You miss something.
Your +7 spectral demon trident hits something but does no damage.
You hear some strange, mumbled words.
Something tries to affect you, but you resist.
The electric golem hurls lightning at you.
The bolt of lightning misses you. The bolt of lightning hits you! You resist.
You hear a chilling moan.
You feel much better.
Your +7 spectral demon trident disappears.
Simosihle gestures at something while chanting.
The bolt of magma hits something but does no damage.
You block the electric golem's attack. x3
The electric golem hits you but does no damage.
Something touches Simosihle.
You hit something but do no damage.
Your +7 spectral demon trident closely misses something.
You hear some strange, mumbled words.
A crystal spear appears from out of thin air!
The crystal spear hits you!!!!
Ouch! That really hurt!
You die...

#▓▓▓▓▓▓▓▓▓▓▓♣#,,,,^**
###..^^.........,,,,,,**
##....##.........,,,,,^,**
########...###..........,,,,,,,,*
..........###...........,,,^,,,,,
.......[.## #...........,,,,,,,,,
.......^.# #.....9.....,,,^,,,,,
........## #..R.p......,,,,,,,,,
........# #..{@.......,,,,,,,,,
......^.## #....(......,,,,,,,,,
.........# ##......^...,,,,,,,,*
.........## ##.........,,,,,,,**
..........# ##.(......,,,,,^**
##.########▓▓▓▓#########**#####▓
.#.........#........#######....#
.....###...#.##................#
........................###.####


You could see the friendly Simosihle the battlemage (fast, slow), a Killer
Klown, an electric golem and a friendly +7 spectral demon trident.

Vanquished Creatures
  the Royal Jelly (Slime:5)
  A dread lich (Zot:2)
  3 juggernauts
  Sojobo (Vaults:2)
  A Killer Klown (Zot:1)
  Parghit (Zot:2)
  Saint Roka (Vaults:4)
  A curse toe (Zot:2)
  3 golden dragons
  A bone dragon (Depths:4)
  An electric golem (Zot:2)
  A walking crystal tome (Depths:2)
  8 tentacled monstrosities
  Mlioglotl (Swamp:2)
  5 Orb Guardians
  4 quicksilver dragons
  12 acid blobs
  4 sphinxes
  3 death cobs
  An eldritch tentacle (Zot:2)
  4 tentacled starspawn (Abyss:3)
  6 shadow dragons
  5 storm dragons
  2 tengu reavers (Vaults:2)
  Aizul (Elf:1)
  A draconian monk (Zot:3)
  2 rockslimes (Slime:5)
  4 fire giants
  3 draconian knights
  3 azure jellies
  An emperor scorpion (Spider:3)
  5 ghost moths
  A draconian shifter (Zot:1)
  A balrug (Abyss:3)
  3 protean progenitors
  6 frost giants
  2 draconian scorchers
  8 deep elf sorcerers
  A reaper (IceCv)
  6 vault wardens
  3 quicksilver oozes (Slime:5)
  4 deep elf elementalists
  5 draconian annihilators
  A draconian stormcaller (Zot:3)
  2 orc warlords
  9 stone giants
  A broodmother (Spider:3)
  4 ironbound preservers
  A vampire knight (Depths:3)
  5 green draconians
  7 ironbound thunderhulks
  9 very ugly things
  An eleionoma (Swamp:1)
  3 black draconians
  A deep elf death mage (Elf:3)
  3 bunyips
  5 deep elf annihilators
  A dire elephant (Vaults:3)
  Azrael (Elf:1)
  2 white draconians (Zot:2)
  3 spark wasps
  3 deep elf demonologists
  4 red draconians
  A war gargoyle (Vaults:4)
  2 yellow draconians
  3 purple draconians
  5 ettins
  An eidolon (Depths:2)
  2 jiangshi (Depths:1)
  A crystal guardian (Vaults:4)
  9 yaktaur captains
  5 fire dragons
  5 vault guards
  3 rakshasas
  2 deep elf high priests (Elf:3)
  A spriggan zombie (Depths:1)
  7 ice dragons
  10 great orbs of eyes
  2 peacekeepers (Vaults:4)
  3 spriggan air magi
  5 radroaches
  Fannar (D:11)
  7 alligators
  18 hydras
  A jorogumo (Spider:4)
  9 centaur warriors
  6 ironbound frosthearts
  8 death yaks
  A deep troll shaman (Depths:2)
  4 two-headed ogres
  18 dancing weapons
  A death knight (Vaults:3)
  7 boulder beetles
  Urug (D:13)
  2 orc high priests (Orc:2)
  5 deep troll earth magi
  3 demonic crawlers
  A vampire mage (Depths:1)
  A spriggan berserker (D:15)
  5 occultists (Depths:3)
  A storm dragon zombie (Vaults:4)
  12 deep elf knights
  9 hell knights
  2 wretched stars (Abyss:3)
  5 iron trolls
  A sixfirhy (Depths:2)
  5 pharaoh ants
  7 skeletal warriors
  28 deep trolls
  4 flayed ghosts (Depths:3)
  2 large abominations (Abyss:3)
  3 spriggan druids
  2 deep elf archers
  8 lindwurms
  A quicksilver dragon simulacrum (Vaults:4)
  5 bog bodies (Swamp:4)
  5 arcanists
  12 orb spiders
  A glowing orange brain (Vaults:2)
  Pikel (D:7)
  20 deep elf zephyrmancers
  7 swamp dragons
  6 ironbound convokers
  6 necromancers
  7 orc knights
  A shadow dragon zombie (Vaults:4)
  A fire giant zombie (Depths:1)
  3 steelbarb worms (Spider:3)
  15 deep elf pyromancers
  15 wolf spiders
  5 harpies
  5 orc sorcerers
  2 manticores
  A meliai (Spider:4)
  6 elephants (Lair:5)
  21 ugly things
  14 moths of wrath
  4 will-o-the-wisps
  5 cyclopes
  A smoke demon (Abyss:3)
  An orange demon (D:8)
  A torpor snail (Spider:1)
  An ice statue (IceCv)
  An eye of devastation (Slime:3)
  2 centaur skeletons (D:13)
  9 vault sentinels
  12 yaktaurs
  A rime drake (shapeshifter) (Elf:2)
  A freezing wraith (Vaults:3)
  14 cane toads
  7 rime drakes
  8 komodo dragons
  A kobold demonologist (D:13)
  2 efreet
  2 tengu conjurers (Depths:3)
  4 nameless horrors
  An anaconda simulacrum (IceCv)
  7 starcursed masses (Abyss:3)
  3 tyrant leeches
  5 ancient zymes (Abyss:3)
  A bloated husk (Swamp:1)
  3 trolls
  2 hornets (shapeshifter)
  5 glass eyes
  A raiju (Abyss:3)
  3 hornets
  6 blink frogs
  15 tarantellas
  20 jumping spiders
  54 slime creatures
  A spriggan skeleton (Depths:1)
  A wraith (D:11)
  An air elemental (Elf:3)
  18 culicivoras
  3 small abominations (Abyss:3)
  An ettin skeleton (Vaults:4)
  A vampire (D:11)
  2 spriggans
  47 yaks
  3 water elementals
  3 dire elephant simulacra
  6 wyverns
  A neqoxec (Abyss:3)
  A steam dragon (D:6)
  3 basilisks
  2 fire elementals (Elf:2)
  46 redbacks
  8 vampire mosquitoes
  2 chaos spawn (Abyss:3)
  4 swamp worms
  A harpy simulacrum (IceCv)
  5 water moccasins
  3 hell hounds (Elf:1)
  10 orc warriors
  8 swamp drakes (Swamp:4)
  A swamp drake (shapeshifter) (D:13)
  4 black bears
  3 boggarts
  4 laughing skulls (Abyss:3)
  An ogre (D:15)
  5 centaurs
  6 wolves
  3 lemures
  A phantom (D:6)
  2 kobold brigands
  2 bullfrogs
  2 gnoll sergeants
  3 two-headed ogre simulacra (IceCv)
  4 scorpions
  4 elephant simulacra
  4 killer bees (D:9)
  8 electric eels
  3 quasits (Abyss:3)
  Crazy Yiuf (D:5)
  6 orc priests
  2 jellies
  4 hounds
  2 sleepcaps
  A hell rat (Lair:3)
  11 iguanas
  4 orc wizards
  A spriggan simulacrum (IceCv)
  5 troll simulacra (IceCv)
  2 wolf simulacra (IceCv)
  9 gnolls
  4 adders
  A naga simulacrum (IceCv)
  6 white imps
  4 ufetubi
  31 orcs
  10 ball pythons
  6 endoplasms
  3 giant cockroaches
  5 goblins
  4 hobgoblins
  8 jackals (D:2)
  7 kobolds
  5 quokkas
  5 bats
  10 frilled lizards
  2 rats
  2 aspiring fleshes
  A lurking horror (Abyss:3)
  3 spectral weapons
  3 starspawn tentacles (Abyss:3)
1224 creatures vanquished.

Vanquished Creatures (collateral kills)
  Dissolution (Slime:5)
  2 dread liches
  2 ancient liches
  An orb of fire (Zot:1)
  Mennas (Vaults:2)
  4 Killer Klowns
  the Lernaean hydra (Swamp:4)
  2 curse toes
  5 golden dragons
  An electric golem (Zot:3)
  Rupert (Lair:3)
  Jorgrun (D:15)
  7 tentacled monstrosities
  A deep elf blademaster (Elf:2)
  5 Orb Guardians (Zot:5)
  A lich (Depths:3)
  3 quicksilver dragons
  A deep elf master archer (Elf:3)
  Asterion (Spider:1)
  A tentacled starspawn (Abyss:3)
  11 acid blobs
  An eldritch tentacle (Zot:5)
  2 death cobs
  3 shadow dragons
  3 tengu reavers
  3 draconian monks
  A fire giant (Depths:3)
  2 fenstrider witches
  5 frost giants
  3 storm dragons
  4 protean progenitors
  A daeva (Vaults:2)
  A ghost moth (Spider:4)
  4 rockslimes (Slime:5)
  3 draconian shifters
  A deep elf sorcerer (Elf:3)
  3 emperor scorpions
  2 vault wardens
  3 draconian scorchers
  A draconian annihilator (Zot:2)
  An angel (Vaults:2)
  2 broodmothers (Spider:3)
  A draconian stormcaller (Depths:4)
  A formless jellyfish (Vaults:2)
  8 quicksilver oozes
  6 very ugly things
  2 ironbound thunderhulks
  7 stone giants
  A juggernaut skeleton (Abyss:3)
  5 ironbound preservers
  4 green draconians
  An eleionoma (Swamp:4)
  A deep elf annihilator (Elf:3)
  6 black draconians
  A deep elf demonologist (Elf:3)
  2 yellow draconians
  8 purple draconians
  2 vampire knights
  A war gargoyle (Depths:3)
  A bunyip (Swamp:1)
  4 white draconians
  4 dire elephants
  4 red draconians
  7 spark wasps
  The ghost of Bigaod the Fighter, a journeyman DsGl of Ru (Orc:2)
  3 ettins
  2 quicksilver dragon zombies (Depths:3)
  A deep elf high priest (Elf:3)
  3 entropy weavers
  2 shambling mangroves (Swamp:3)
  3 yaktaur captains
  7 great orbs of eyes
  A quicksilver dragon skeleton (Depths:1)
  7 hydras
  7 ice dragons
  5 alligators
  A rakshasa (Depths:2)
  A peacekeeper (Vaults:3)
  2 vault guards (Vaults:1)
  2 ogre magi
  A ghost crab (Swamp:4)
  2 ironbound frosthearts
  2 jorogumos
  A hell beast (Depths:2)
  A spriggan air mage (Depths:2)
  3 centaur warriors
  2 death knights
  3 boulder beetles
  A deep troll shaman (Depths:3)
  18 dancing weapons
  5 two-headed ogres
  12 death yaks
  A hell hog (Depths:3)
  4 demonic crawlers
  A spriggan berserker (Depths:2)
  A spectral dire elephant (Lair:5)
  5 tengu warriors
  An occultist (Depths:3)
  A soul eater (Depths:3)
  An orc high priest (Vaults:4)
  A skyshark (Lair:4)
  A sun demon (Abyss:3)
  5 hell knights (Depths:2)
  9 deep elf knights
  A shadow wraith (Depths:3)
  A sixfirhy (Depths:2)
  Amaemon (D:8)
  A spectral anaconda (Lair:5)
  An iron troll (Depths:4)
  A goliath frog (Swamp:4)
  A pharaoh ant (Spider:1)
  10 orb spiders
  2 large abominations (Abyss:3)
  2 sun moths
  A skeletal warrior (Depths:3)
  2 swamp dragons (Swamp:4)
  15 deep trolls
  6 glowing orange brains
  3 arcanists
  2 flayed ghosts
  A shadow dragon zombie (Depths:3)
  A spriggan druid (Swamp:2)
  4 deep elf zephyrmancers (Elf:2)
  A swamp dragon (shapeshifter) (Depths:3)
  5 bog bodies
  2 lindwurms
  3 harpies
  An obsidian statue (Lair:5)
  7 deep elf archers
  3 ironbound convokers
  3 necromancers
  3 steelbarb worms
  2 iron dragon zombies (Depths:3)
  2 orc sorcerers (Vaults:4)
  8 deep elf pyromancers
  7 wolf spiders
  5 cyclopes
  24 ugly things
  A will-o-the-wisp (Swamp:4)
  A tengu skeleton (Depths:1)
  12 moths of wrath
  7 shining eyes
  3 manticores
  4 elephants (Lair:5)
  An eye of devastation (shapeshifter) (Depths:4)
  2 meliai
  A worldbinder (Abyss:3)
  3 black mambas
  4 vault sentinels
  8 cane toads
  9 yaktaurs
  3 gargoyles
  4 torpor snails
  3 eyes of devastation
  10 komodo dragons
  2 kobold demonologists
  Jeremiah (D:7)
  A centaur skeleton (D:13)
  2 unseen horrors
  A tormentor (Depths:2)
  A rime drake (Lair:3)
  2 tengu conjurers
  3 freezing wraiths
  An ancient zyme (Abyss:3)
  3 hornets
  5 trolls
  A polar bear (Lair:5)
  11 tarantellas
  3 raiju (Abyss:3)
  3 tyrant leeches
  2 glass eyes
  5 blink frogs
  10 jumping spiders
  37 slime creatures
  2 spriggans
  A shadow (D:13)
  3 vampires
  2 air elementals (Elf:2)
  2 ynoxinuls (Abyss:3)
  6 culicivoras
  8 basilisks
  7 humans (Zot:1)
  A redback (shapeshifter) (Depths:4)
  3 water elementals
  6 wyverns
  3 starcursed masses (Abyss:3)
  23 yaks
  A golden eye (Slime:5)
  2 fire elementals (Elf:1)
  A chaos spawn (Abyss:3)
  A warg (Orc:1)
  17 redbacks
  5 vampire mosquitoes
  2 death yak simulacra (IceCv)
  Grum (D:9)
  An acid dragon (D:11)
  A harpy simulacrum (IceCv)
  A hydra simulacrum (IceCv)
  3 swamp worms
  3 water moccasins
  4 orc warriors
  4 hell hounds (Elf:1)
  An ice beast (D:7)
  3 laughing skulls
  9 ogres
  3 swamp drakes (Swamp:4)
  3 sky beasts
  2 boggarts (Vaults:2)
  2 small abominations (Abyss:3)
  7 wolves
  3 centaurs
  4 kobold brigands
  A lemure (D:7)
  A weeping skull (Abyss:3)
  6 bullfrogs
  A scorpion (D:7)
  3 two-headed ogre simulacra (IceCv)
  3 wights (D:10)
  An elephant simulacrum (IceCv)
  5 killer bees (D:9)
  2 electric eels
  A howler monkey (D:7)
  A quasit (Abyss:3)
  A hound (D:5)
  2 bombardier beetles
  3 orc priests
  A gnoll bouda (D:7)
  An iron imp (Abyss:3)
  6 iguanas (Lair:2)
  12 orc wizards
  A spriggan simulacrum (IceCv)
  3 hell rats (Lair:3)
  2 polar bear simulacra (IceCv)
  A troll simulacrum (IceCv)
  A boggart skeleton (D:13)
  A wolf simulacrum (IceCv)
  15 gnolls
  3 naga simulacra (IceCv)
  2 adders (D:6)
  2 shadow imps (D:7)
  5 white imps
  2 ufetubi (IceCv)
  A ribbon worm (D:2)
  17 orcs
  10 frilled lizards (Lair:2)
  11 kobolds
  5 aspiring fleshes (Zot:4)
895 creatures vanquished.

Vanquished Creatures (others)
  10 eldritch tentacles
  An orc high priest (Orc:2)
  A skeletal warrior (Depths:3)
  A deep troll (Vaults:4)
  A steelbarb worm (Spider:4)
  A deep elf zephyrmancer (Elf:1)
  2 kobold blastminers (Orc:2)
  An unseen horror (D:11)
  A redback (Spider:2)
  A water elemental (Abyss:3)
  An orc priest (Orc:2)
  2 orc wizards (Orc:2)
  79 battlemagi
  5 ancestors
  An endoplasm (D:1)
  10 foxfires
  4 snaplasher vines
  72 spectral weapons
  6 starspawn tentacles (Abyss:3)
200 creatures vanquished.

Grand Total: 2319 creatures vanquished

Notes
Turn   | Place    | Note
-------+----------+-------------------------------------------
     0 | D:1      | inmateoo the Gnoll Artificer began the quest for the Orb.
     0 | D:1      | Reached XP level 1. HP: 17/17 MP: 1/1
   293 | D:1      | Reached XP level 2. HP: 21/23 MP: 2/2
   845 | D:1      | Reached XP level 3. HP: 21/28 MP: 2/4
   953 | D:2      | Reached skill level 1 in Invocations
   999 | D:2      | Reached skill level 1 in Short Blades
   999 | D:2      | Reached skill level 1 in Long Blades
   999 | D:2      | Reached skill level 1 in Axes
   999 | D:2      | Reached skill level 1 in Maces & Flails
   999 | D:2      | Reached skill level 1 in Polearms
   999 | D:2      | Reached skill level 1 in Staves
   999 | D:2      | Reached skill level 1 in Ranged Weapons
   999 | D:2      | Reached skill level 1 in Throwing
   999 | D:2      | Reached skill level 1 in Shields
   999 | D:2      | Reached skill level 1 in Unarmed Combat
   999 | D:2      | Reached skill level 1 in Spellcasting
  1119 | D:2      | Learned a level 3 spell: Passwall
  1261 | D:2      | Reached skill level 1 in Shapeshifting
  1261 | D:2      | Reached XP level 4. HP: 34/34 MP: 5/5
  1568 | D:2      | Reached skill level 1 in Conjurations
  1568 | D:2      | Reached skill level 1 in Hexes
  1568 | D:2      | Reached skill level 1 in Summonings
  1568 | D:2      | Reached skill level 1 in Necromancy
  1568 | D:2      | Reached skill level 1 in Translocations
  1568 | D:2      | Reached skill level 1 in Fire Magic
  1568 | D:2      | Reached skill level 1 in Ice Magic
  1568 | D:2      | Reached skill level 1 in Air Magic
  1568 | D:2      | Reached skill level 1 in Earth Magic
  1568 | D:2      | Reached skill level 1 in Alchemy
  1619 | D:2      | Found a burning altar of Makhleb.
  2349 | D:3      | Reached XP level 5. HP: 40/40 MP: 7/7
  2670 | D:4      | Learned a level 3 spell: Swiftness
  2711 | D:4      | Found a shimmering blue altar of Sif Muna.
  2715 | D:4      | Found a broken altar of Ashenzari.
  2715 | D:4      | Found a shimmering altar of Xom.
  2917 | D:4      | Found a staircase to the Ecumenical Temple.
  2949 | Temple   | Entered the Ecumenical Temple
  2971 | Temple   | Became a worshipper of Hepliaklqana the Forgotten
  3280 | D:4      | Found a hide-covered altar of Uskayaw.
  3322 | D:4      | Found a blossoming altar of Fedhas.
  3322 | D:4      | Found a burning altar of Makhleb.
  3470 | D:5      | Entered Level 5 of the Dungeon
  3587 | D:5      | Found a runed translucent door.
  3588 | D:5      | Noticed Crazy Yiuf
  3643 | D:5      | Reached XP level 6. HP: 44/47 MP: 8/8
  3773 | D:5      | Noticed a black bear
  3788 | D:5      | Killed a black bear
  3789 | D:5      | Reached skill level 5 in Armour
  3823 | D:5      | Reached * piety under Hepliaklqana
  4020 | D:5      | Reached XP level 7. HP: 42/46 MP: 10/10
  4704 | D:5      | Killed Crazy Yiuf
  5025 | D:6      | Reached XP level 8. HP: 9/54 MP: 12/12
  5342 | D:6      | Found an ornate altar of the Wu Jian Council.
  5542 | D:6      | Found an opulent altar of Gozag.
  5545 | D:6      | Found Keera's Distillery.
  5648 | D:6      | Found Sezewk's Antique Armour Shoppe.
  5876 | D:6      | Found Cuzun's Magic Scroll Boutique.
  5996 | D:7      | Reached ** piety under Hepliaklqana
  5997 | D:7      | Remembered your ancestor Simosihle as a battlemage
  6014 | D:6      | Reached XP level 9. HP: 42/59 MP: 7/14
  6248 | D:7      | Reached skill level 5 in Fighting
  6248 | D:7      | Reached skill level 5 in Dodging
  6269 | D:7      | Noticed Pikel
  6416 | D:7      | Killed Pikel
  6417 | D:7      | Reached skill level 5 in Stealth
  6417 | D:7      | Reached skill level 5 in Invocations
  6465 | D:7      | Found a snail-covered altar of Cheibriados.
  6564 | D:7      | Reached skill level 5 in Short Blades
  6564 | D:7      | Reached skill level 5 in Long Blades
  6564 | D:7      | Reached skill level 5 in Axes
  6564 | D:7      | Reached skill level 5 in Maces & Flails
  6564 | D:7      | Reached skill level 5 in Polearms
  6564 | D:7      | Reached skill level 5 in Staves
  6564 | D:7      | Reached skill level 5 in Ranged Weapons
  6564 | D:7      | Reached skill level 5 in Throwing
  6564 | D:7      | Reached skill level 5 in Shields
  6564 | D:7      | Reached skill level 5 in Unarmed Combat
  6564 | D:7      | Reached skill level 5 in Spellcasting
  6564 | D:7      | Reached XP level 10. HP: 58/68 MP: 15/17
  6863 | D:7      | Identified a scroll of acquirement
  6863 | D:7      | Acquired the +0 kite shield of Zostieno {rCorr}
  6887 | D:7      | Noticed Jeremiah
  6897 | D:7      | Killed Jeremiah
  6926 | D:8      | Identified the +2 chain mail of Fortitude {+Inv Dex+3}
  6946 | D:8      | Found a bloodstained altar of Trog.
  7106 | D:8      | Reached skill level 5 in Shapeshifting
  7303 | D:8      | Noticed Amaemon
  7304 | D:8      | Noticed an orange demon
  7310 | D:8      | Killed Amaemon
  7320 | D:8      | Killed an orange demon
  7483 | D:8      | Identified the +5 hand axe "Killer Klown's Regret" {pain,
                  | Str+3 Int+3}
  7515 | D:8      | Found a glowing silver altar of Zin.
  7855 | D:9      | Noticed a cyclops
  7866 | D:9      | Killed a cyclops
  7967 | D:9      | Reached skill level 5 in Conjurations
  7967 | D:9      | Reached skill level 5 in Hexes
  7967 | D:9      | Reached skill level 5 in Summonings
  7967 | D:9      | Reached skill level 5 in Necromancy
  7967 | D:9      | Reached skill level 5 in Translocations
  7967 | D:9      | Reached skill level 5 in Fire Magic
  7967 | D:9      | Reached skill level 5 in Ice Magic
  7967 | D:9      | Reached skill level 5 in Air Magic
  7967 | D:9      | Reached skill level 5 in Earth Magic
  7967 | D:9      | Reached skill level 5 in Alchemy
  8015 | D:9      | Reached *** piety under Hepliaklqana
  8026 | D:9      | Reached XP level 11. HP: 72/74 MP: 18/20
  8062 | D:9      | Noticed Grum
  8077 | D:9      | Killed Grum
  8371 | D:9      | Found a glowing golden altar of the Shining One.
  8493 | D:10     | Entered Level 10 of the Dungeon
  8493 | D:10     | Found Erghui's Book Shop.
  8876 | D:10     | Reached **** piety under Hepliaklqana
  9159 | D:11     | Noticed a boulder beetle
  9164 | D:11     | Noticed a cyclops
  9186 | D:11     | Killed a cyclops
  9191 | D:11     | Killed a boulder beetle
  9312 | D:11     | Noticed a manticore
  9319 | D:11     | Killed a manticore
  9480 | D:11     | Noticed a cyclops
  9486 | D:11     | Killed a cyclops
  9526 | D:11     | Noticed a manticore
  9530 | D:11     | Noticed an orc knight
  9542 | D:11     | Noticed Fannar
  9768 | D:11     | Found a runed translucent door.
  9769 | D:11     | Found a staircase to the Lair.
  9773 | D:11     | Noticed a +0 demon trident of pain
  9773 | D:11     | Noticed a +4 demon whip of pain
  9774 | D:11     | Noticed a +0 demon blade of draining
  9807 | D:11     | Killed Fannar
  9816 | D:11     | Noticed a cyclops
  9829 | D:11     | Killed a cyclops
  9967 | D:11     | Killed an orc knight
 10095 | D:11     | Found Amesiqin's Weapon Shoppe.
 10097 | D:11     | Noticed a cyclops
 10101 | D:11     | Noticed a green ugly thing
 10105 | D:11     | Killed a cyclops
 10110 | D:11     | Killed a green ugly thing
 10111 | D:11     | Reached XP level 12. HP: 81/81 MP: 22/22
 10461 | D:11     | Noticed a boulder beetle
 10480 | D:11     | Killed a boulder beetle
 10481 | D:11     | Reached skill level 10 in Evocations
 10484 | D:11     | Noticed a two-headed ogre
 10591 | D:11     | Killed a two-headed ogre
 10855 | D:11     | Killed a +4 demon whip of pain
 10959 | D:12     | Noticed a two-headed ogre
 10966 | D:12     | Killed a two-headed ogre
 10988 | D:12     | Found a transporter.
 11038 | D:12     | Found a transporter.
 11149 | D:12     | Learned a level 1 spell: Apportation
 11219 | D:12     | Found a staircase to the Orcish Mines.
 11256 | D:12     | Noticed t4s4d4r's ghost (journeyman DEEE)
 11327 | D:12     | Reached ***** piety under Hepliaklqana
 11562 | D:12     | Found Biagod's Distillery.
 11575 | D:12     | Bought a potion of curing for 39 gold pieces
 11575 | D:12     | Bought a potion of curing for 39 gold pieces
 11575 | D:12     | Bought a potion of lignification for 39 gold pieces
 11575 | D:12     | Bought a potion of attraction for 39 gold pieces
 11921 | D:13     | Reached XP level 13. HP: 87/89 MP: 25/25
 12573 | D:13     | Found a shimmering blue altar of Sif Muna.
 13419 | D:13     | Found a gate to the Vaults.
 13506 | D:13     | Found Xyesar's Assorted Antiques.
 13513 | D:13     | Bought a scroll of identify for 60 gold pieces
 13520 | D:13     | Noticed Urug
 13528 | D:13     | Killed Urug
 13943 | D:14     | Reached skill level 10 in Armour
 14719 | D:14     | Identified the +0 flail "Cacre" {holy, *Slow rC- Str+5
                  | Stlth+}
 15054 | D:15     | Entered Level 15 of the Dungeon
 15206 | D:15     | Reached XP level 14. HP: 97/97 MP: 27/27
 15233 | D:14     | Reached skill level 10 in Invocations
 16186 | D:6      | Bought a translucent chain mail for 228 gold pieces
 16186 | D:6      | Identified the +10 chain mail "Tastrekh" {rN+ Regen+} (You
                  | bought it in a shop on level 6 of the Dungeon)
 16199 | D:6      | Bought a transparent scarf for 240 gold pieces
 16199 | D:6      | Identified the scarf of Disaster {repulsion, Slay+2} (You
                  | bought it in a shop on level 6 of the Dungeon)
 16212 | D:6      | Bought a runed scarf for 192 gold pieces
 16340 | Lair:1   | Entered Level 1 of the Lair of Beasts
 16741 | Lair:1   | Reached skill level 10 in Fighting
 16741 | Lair:1   | Reached skill level 10 in Dodging
 17147 | Lair:1   | Reached skill level 10 in Stealth
 17161 | Lair:1   | Identified the staff of the Burning Shark {rPois rN+ MP-9
                  | Int+3 Necro Fire}
 17970 | Lair:2   | Got the Codex of the Discharge and Chrysopoeia
 18094 | Lair:2   | Found a hole to the Spider Nest.
 18748 | Lair:3   | Reached skill level 10 in Short Blades
 18748 | Lair:3   | Reached skill level 10 in Long Blades
 18748 | Lair:3   | Reached skill level 10 in Axes
 18748 | Lair:3   | Reached skill level 10 in Maces & Flails
 18748 | Lair:3   | Reached skill level 10 in Polearms
 18748 | Lair:3   | Reached skill level 10 in Staves
 18748 | Lair:3   | Reached skill level 10 in Ranged Weapons
 18748 | Lair:3   | Reached skill level 10 in Throwing
 18748 | Lair:3   | Reached skill level 10 in Shields
 18748 | Lair:3   | Reached skill level 10 in Unarmed Combat
 18748 | Lair:3   | Reached skill level 10 in Spellcasting
 18816 | Lair:3   | Reached XP level 15. HP: 105/105 MP: 27/29
 18869 | Lair:3   | Noticed Rupert
 18889 | Lair:3   | Killed Rupert
 18911 | Lair:3   | Reached ****** piety under Hepliaklqana
 18942 | Lair:3   | Found a frozen archway.
 18973 | IceCv    | Entered an ice cave
 19815 | Lair:3   | Found a staircase to the Swamp.
 20836 | Lair:4   | Found a staircase to the Slime Pits.
 20846 | Lair:4   | Found a viscous altar of Jiyva.
 21431 | Lair:4   | Acquired the amulet "Zyriuf" {Faith rElec rF+ rC- Will+}
 21488 | Lair:5   | Entered Level 5 of the Lair of Beasts
 21803 | Lair:5   | Reached skill level 10 in Shapeshifting
 21941 | Lair:5   | Reached XP level 16. HP: 112/112 MP: 30/30
 22369 | Lair:5   | Identified the ring of Alykla Homu {rF+ Dex+3}
 22857 | Lair:5   | Learned a level 3 spell: Stone Arrow
 23196 | D:15     | Noticed Jorgrun
 23218 | D:15     | Killed Jorgrun
 23448 | D:15     | Found a staircase to the Depths.
 23478 | D:15     | Found a hide-covered altar of Uskayaw.
 23694 | Orc:1    | Entered Level 1 of the Orcish Mines
 23699 | Orc:1    | Found Pitoet's Armour Shoppe.
 23754 | Orc:1    | Bought the +0 helmet of the Eleven Scars {rPois} for 219
                  | gold pieces
 23959 | Orc:2    | Entered Level 2 of the Orcish Mines
 24047 | Orc:2    | Found Peafafe's General Store.
 24102 | Orc:2    | Found a staircase to the Elven Halls.
 24226 | Orc:2    | Found a runed translucent door.
 24504 | Orc:2    | Found Ydwolusyc's Distillery.
 24504 | Orc:2    | Paralysed by an orc sorcerer for 4 turns
 24619 | Orc:2    | Found Ytuqonke's General Store.
 24620 | Orc:2    | Found Ytozeb's Armour Boutique.
 24620 | Orc:2    | Found Hori's Armour Boutique.
 24628 | Orc:2    | Bought a wand of light (1) for 63 gold pieces
 24640 | Orc:2    | Bought 2 potions of curing for 96 gold pieces
 24640 | Orc:2    | Bought a potion of haste for 160 gold pieces
 24640 | Orc:2    | Bought a potion of curing for 48 gold pieces
 24640 | Orc:2    | Bought a potion of heal wounds for 80 gold pieces
 24745 | Orc:2    | Noticed Bigaod's ghost (journeyman DsGl)
 24851 | Orc:2    | Killed Bigaod's ghost
 24906 | Orc:2    | Bought a +0 pair of gloves of strength for 138 gold pieces
 25139 | D:6      | Bought a scroll of summoning for 123 gold pieces
 25139 | D:6      | Bought a scroll of teleportation for 39 gold pieces
 25139 | D:6      | Bought a scroll of enchant weapon for 97 gold pieces
 25195 | D:6      | Bought 2 potions of cancellation for 240 gold pieces
 25202 | D:6      | Learned a level 4 spell: Olgreb's Toxic Radiance
 25374 | Spider:1 | Entered Level 1 of the Spider Nest
 25548 | Spider:1 | Noticed Roxanne
 25746 | Spider:1 | Reached XP level 17. HP: 119/119 MP: 32/32
 25902 | Spider:1 | Reached skill level 10 in Conjurations
 25902 | Spider:1 | Reached skill level 10 in Hexes
 25902 | Spider:1 | Reached skill level 10 in Summonings
 25902 | Spider:1 | Reached skill level 10 in Necromancy
 25902 | Spider:1 | Reached skill level 10 in Translocations
 25902 | Spider:1 | Reached skill level 10 in Fire Magic
 25902 | Spider:1 | Reached skill level 10 in Ice Magic
 25902 | Spider:1 | Reached skill level 10 in Air Magic
 25902 | Spider:1 | Reached skill level 10 in Earth Magic
 25902 | Spider:1 | Reached skill level 10 in Alchemy
 26161 | Spider:1 | Noticed Asterion
 26177 | Spider:1 | Killed Asterion
 26226 | Spider:1 | Acquired the ring "Necid" {rPois rN+ Will+ Dex-2 SInv}
 27706 | Spider:3 | Reached XP level 18. HP: 81/127 MP: 31/34
 28049 | Spider:4 | Entered Level 4 of the Spider Nest
 28391 | Spider:4 | Learned a level 4 spell: Passage of Golubria
 29362 | Spider:4 | Got a gossamer rune of Zot
 29631 | Swamp:1  | Entered Level 1 of the Swamp
 30771 | Swamp:2  | Noticed Mlioglotl
 30780 | Swamp:2  | Killed Mlioglotl
 31545 | Swamp:4  | Entered Level 4 of the Swamp
 31870 | Swamp:4  | Reached XP level 19. HP: 99/135 MP: 36/36
 32491 | Swamp:4  | Learned a level 5 spell: Borgnjor's Vile Clutch
 32520 | Swamp:4  | Noticed the 27-headed Lernaean hydra
 32521 | Swamp:4  | Killed the 27-headed Lernaean hydra
 32537 | Swamp:4  | Got a decaying rune of Zot
 32906 | Elf:1    | Entered Level 1 of the Elven Halls
 33316 | Elf:1    | Reached skill level 15 in Evocations
 33816 | Elf:1    | Identified the serpent talisman of Macaroni {rF+ rN+ MP-9
                  | Int+2}
 33816 | Elf:1    | Noticed Aizul
 33834 | Elf:1    | Killed Aizul
 33966 | Elf:1    | Noticed Azrael
 33983 | Elf:1    | Killed Azrael
 34276 | Elf:2    | Paralysed by an air elemental for 1 turns
 34289 | Elf:2    | Reached skill level 15 in Invocations
 34573 | Elf:2    | Reached XP level 20. HP: 130/143 MP: 37/37
 34735 | Elf:2    | Found a runed translucent gate.
 34736 | Elf:2    | Found a runed translucent gate.
 34736 | Elf:2    | Found a runed translucent gate.
 35428 | Elf:3    | Entered Level 3 of the Elven Halls
 35574 | Elf:3    | Found Uriakluo's Antique Armour Shoppe.
 35876 | Elf:3    | Identified the +9 long sword of Honour {holy, rElec}
 36182 | Vaults:1 | Entered Level 1 of the Vaults
 36640 | Vaults:1 | Reached skill level 15 in Armour
 36971 | Vaults:1 | Identified the +6 spear of Summer {flame, rF- Str+6 Int+4
                  | Dex-5}
 37623 | Vaults:2 | Found Oxkos's Weapon Shop.
 37718 | Vaults:2 | Found Yseniril's Book Emporium.
 37856 | Vaults:2 | Found Pieppix's Armour Shoppe.
 37977 | Vaults:2 | Identified the +6 war axe of Peril {elec, rCorr Str+5}
 38040 | Vaults:2 | Found a runed translucent gate.
 38040 | Vaults:2 | Found a runed translucent gate.
 38040 | Vaults:2 | Found a runed translucent gate.
 38104 | Vaults:2 | Noticed Mennas
 38126 | Vaults:2 | Killed Mennas
 38186 | Vaults:2 | Reached XP level 21. HP: 150/150 MP: 39/39
 38240 | Vaults:2 | Found Lasm's Antique Weapon Shop.
 38255 | Vaults:2 | Found Samisag's Antique Weapon Shop.
 38282 | Vaults:2 | You fall into a shaft and drop 2 floors!
 38556 | Vaults:4 | Found Guzuduukk's Jewellery Boutique.
 38712 | Vaults:4 | Noticed Saint Roka
 38730 | Vaults:4 | Reached skill level 15 in Fighting
 38730 | Vaults:4 | Reached skill level 15 in Dodging
 38732 | Vaults:4 | Killed Saint Roka
 38772 | Vaults:4 | Reached skill level 15 in Stealth
 39496 | Vaults:4 | Reached skill level 15 in Short Blades
 39496 | Vaults:4 | Reached skill level 15 in Long Blades
 39496 | Vaults:4 | Reached skill level 15 in Axes
 39496 | Vaults:4 | Reached skill level 15 in Maces & Flails
 39496 | Vaults:4 | Reached skill level 15 in Polearms
 39496 | Vaults:4 | Reached skill level 15 in Staves
 39496 | Vaults:4 | Reached skill level 15 in Ranged Weapons
 39496 | Vaults:4 | Reached skill level 15 in Throwing
 39496 | Vaults:4 | Reached skill level 15 in Shields
 39496 | Vaults:4 | Reached skill level 15 in Unarmed Combat
 39496 | Vaults:4 | Reached skill level 15 in Spellcasting
 39830 | Vaults:3 | Found a gateway to a bazaar.
 39845 | Bazaar   | Entered a bazaar
 39845 | Bazaar   | Found Ettit's General Store.
 39849 | Bazaar   | Bought a scroll of blinking for 112 gold pieces
 39852 | Bazaar   | Found Papoaluworgh's Jewellery Boutique.
 39872 | Bazaar   | Found Irunipp's Antique Armour Emporium.
 39883 | Bazaar   | Found Xinugioxt's Magic Scroll Shop.
 39891 | Bazaar   | Found Tiaxoxzu's Antique Weapon Shop.
 40577 | Vaults:3 | Found a staircase to the Crypt.
 40688 | Vaults:2 | Noticed Sojobo
 40704 | Vaults:2 | Killed Sojobo
 40705 | Vaults:2 | Reached XP level 22. HP: 73/158 MP: 41/41
 41068 | Vaults:2 | Found a glowing golden altar of the Shining One.
 41070 | Vaults:2 | Found the +3 warlock's mirror {omnireflect}
 41404 | Depths:1 | Entered Level 1 of the Depths
 42245 | Depths:1 | Reached skill level 15 in Summonings
 42605 | Depths:1 | Found a gateway to Hell.
 42724 | Depths:1 | Learned a level 5 spell: Summon Forest
 42816 | Depths:1 | Found a white marble altar of Elyvilon.
 43687 | Depths:2 | Found a one-way gate to the infinite horrors of the Abyss.
 44098 | Depths:2 | Identified the +7 spear of Vanity {freeze, rC+ Dex+3}
 44121 | Depths:2 | Noticed a juggernaut
 44129 | Depths:2 | Noticed a juggernaut
 44137 | Depths:2 | Killed a juggernaut
 44149 | Depths:2 | Killed a juggernaut
 44262 | Depths:2 | Found a shimmering blue altar of Sif Muna.
 44262 | Depths:2 | Found a sacrificial altar of Ru.
 44264 | Depths:2 | Found a hide-covered altar of Uskayaw.
 44264 | Depths:2 | Found a shimmering altar of Xom.
 44498 | Depths:2 | Reached XP level 23. HP: 165/165 MP: 42/42
 44675 | Depths:2 | Found a one-way gate leading to the halls of Pandemonium.
 45169 | Depths:3 | Found a one-way gateway to a ziggurat.
 45711 | Abyss:3  | Cast into level 3 of the Abyss (an occultist)
 45747 | Depths:3 | Escaped the Abyss
 45804 | Depths:3 | You fall into a shaft and drop 1 floor!
 45804 | Depths:4 | Entered Level 4 of the Depths
 45804 | Depths:4 | Noticed a juggernaut
 45815 | Depths:4 | Killed a juggernaut
 46535 | Depths:4 | Reached skill level 15 in Shapeshifting
 46808 | Depths:4 | Noticed a golden dragon
 46821 | Depths:4 | Killed a golden dragon
 47125 | Depths:4 | Found a gate to the Realm of Zot.
 47234 | Depths:3 | Noticed a golden dragon
 47241 | Depths:3 | Noticed a caustic shrike
 47252 | Depths:3 | Found a transporter.
 47258 | Depths:3 | Noticed Poanarph's ghost (veteran GrAl)
 47270 | Depths:3 | Found a transporter.
 47339 | Abyss:3  | Cast into level 3 of the Abyss (an occultist)
 47388 | Abyss:3  | Found a hide-covered altar of Uskayaw.
 47418 | Abyss:3  | Found a corrupted altar of Lugonu.
 47681 | Depths:3 | Escaped the Abyss
 47754 | Depths:3 | Noticed an ancient lich
 47763 | Depths:3 | Killed an ancient lich
 48025 | Depths:3 | Reached XP level 24. HP: 77/171 MP: 43/43
 48047 | Abyss:3  | Cast into level 3 of the Abyss (hell knight)
 48059 | Abyss:3  | Found a corrupted altar of Lugonu.
 48212 | Abyss:3  | Found a corrupted altar of Lugonu.
 48411 | Abyss:3  | Noticed a dread lich
 48434 | Abyss:3  | Killed a dread lich
 48456 | Abyss:3  | Found a corrupted altar of Lugonu.
 48550 | Depths:3 | Escaped the Abyss
 48940 | Depths:3 | Noticed a dread lich
 48946 | Depths:3 | Killed a dread lich
 48985 | Depths:3 | Got the Anthology of Cadavers
 49290 | Depths:3 | Learned a level 5 spell: Freezing Cloud
 49847 | Elf:3    | Identified the ring "Asies" {Fly Will+ rCorr Dex+3}
 50069 | Elf:3    | Identified the +3 halberd of Focus {drain, rN+}
 50348 | Elf:3    | Identified the +1 kite shield of the Hecatoncheires {Harm
                  | Regen+ Str-3 Slay+3}
 50350 | Elf:3    | Got the Lessons on Destined Death
 50363 | Elf:3    | Identified the staff of Calculation {rC+ Fire Ice}
 50364 | Elf:3    | Identified the staff of Hesoc {rElec Dex+2 Earth}
 50367 | Elf:3    | Identified the staff of Fadesch {*Slow rC+ Dex+5 Conj Ice}
 50377 | Elf:3    | Learned a level 7 spell: Monstrous Menagerie
 50703 | Slime:1  | Entered Level 1 of the Pits of Slime
 50888 | Slime:1  | Gained mutation: You are clumsy. (Dex -2) [a shining eye]
 51423 | Slime:5  | Entered Level 5 of the Pits of Slime
 51423 | Slime:5  | Noticed Dissolution
 51479 | Slime:5  | Killed Dissolution
 52158 | Slime:4  | Learned a level 5 spell: Summon Mana Viper
 52166 | Slime:4  | Learned a level 7 spell: Summon Hydra
 52542 | Slime:5  | Reached XP level 25. HP: 173/181 MP: 36/44
 52601 | Slime:5  | Reached skill level 15 in Fire Magic
 52720 | Slime:5  | Noticed the Royal Jelly
 52966 | Slime:5  | Killed the Royal Jelly
 53241 | Slime:5  | Identified the +2 scale mail "Caxtipn" {rPois}
 53266 | Slime:5  | Got the Directory of Coruscating Cinders
 53279 | Slime:5  | Got a slimy rune of Zot
 53280 | Slime:5  | Identified the +8 trident of Terror {holy, ^Drain Will+
                  | Int+3}
 53281 | Slime:5  | Identified the +7 quarterstaff of Gisyac {antimagic, rCorr}
 53316 | Slime:5  | Identified the +4 glaive "Pyoriaro" {speed, rC- rN+ Str+5
                  | Dex+3}
 53340 | Slime:5  | Identified the staff "Jowuf" {^Fragile rPois rF- rC+++ rN+
                  | Alchemy}
 53949 | Zot:1    | Entered Level 1 of the Realm of Zot
 54289 | Zot:1    | Noticed a Killer Klown
 54300 | Zot:1    | Killed a Killer Klown
 54301 | Zot:1    | Noticed a Killer Klown
 54301 | Zot:1    | Noticed a Killer Klown
 54303 | Zot:1    | Noticed a Killer Klown
 54307 | Zot:1    | Killed a Killer Klown
 54310 | Zot:1    | Killed a Killer Klown
 54315 | Zot:1    | Killed a Killer Klown
 54826 | Zot:1    | Found the +7 captain's cutlass {speed, disarm}
 54947 | Zot:1    | Noticed an orb of fire
 54956 | Zot:1    | Killed an orb of fire
 55374 | Zot:2    | Reached skill level 15 in Conjurations
 55374 | Zot:2    | Reached skill level 15 in Hexes
 55374 | Zot:2    | Reached skill level 15 in Necromancy
 55374 | Zot:2    | Reached skill level 15 in Translocations
 55374 | Zot:2    | Reached skill level 15 in Ice Magic
 55374 | Zot:2    | Reached skill level 15 in Air Magic
 55374 | Zot:2    | Reached skill level 15 in Earth Magic
 55374 | Zot:2    | Reached skill level 15 in Alchemy
 55388 | Zot:2    | Learned a level 7 spell: Malign Gateway
 56590 | Zot:2    | Noticed a dread lich
 56599 | Zot:2    | Killed a dread lich
 56887 | Zot:2    | Noticed Parghit
 56895 | Zot:2    | Killed Parghit
 57436 | Zot:3    | Reached XP level 26. HP: 186/189 MP: 29/44
 58135 | Zot:3    | Identified the +3 short sword of the Gloaming {freeze,
                  | Will+ Dex+3}
 59588 | Zot:5    | Entered Level 5 of the Realm of Zot
 59615 | Zot:5    | Noticed a Killer Klown
 59762 | Zot:4    | Killed a Killer Klown
 60127 | Zot:5    | Identified the ring of Gozag, Uplifting {*Slow rF+ rC+
                  | Dex+6}
 60802 | Zot:5    | Noticed an ancient lich
 60810 | Zot:5    | Killed an ancient lich
 60830 | Zot:5    | Noticed an ancient lich
 60841 | Zot:5    | Noticed a Killer Klown
 60847 | Zot:5    | Killed from afar by an ancient lich

Illustrated notes

Levels and vault maps discovered:
D:1:      minmay_arrival_four_circles, layout_loops_ring
D:2:      layout_basic, basic_altar
D:3:      layout_loops_corners
D:4:      layout_basic, grunt_temple_overflow_open,
          gammafunk_temple_overflow_wave, minmay_temple_entry_ruins
D:5:      layout_loops_corners, uniq_crazy_yiuf_cottage
D:6:      layout_loops_ring, mainiacjoe_overflow_alcove_1, lemuel_tele_altar,
          serial_shops, nicolae_shop_window_shopping,
          nicolae_shop_rolling_square, nicolae_shop_tiny_real_fake_doors,
          kennysheep_flooded_box, st_stairs_12
D:7:      layout_cave_pools, cheibriados_altar_1, st_stairs_11,
          wad_rectangle_vault, uniq_jeremiah, uniq_pikel
D:8:      layout_basic, lemuel_crystal_altar, mainiacjoe_overflow_tiny_flanked,
          uniq_amaemon
D:9:      layout_long_grid, tso_metal_star, uniq_grum
D:10:     layout_irregular_city, serial_shops, shop
D:11:     hangedman_cross_cluster, layout_stronghold, lair_entry_dummy,
          serial_shops, shop, nicolae_danse_macabre, uniq_fannar
D:12:     layout_cave_pods, orc_0_dummy, serial_shops, shop, nzn_ghost_randoct
D:13:     layout_loops_cross, hangedman_vaults_entry_quadrant_bands,
          serial_shops, shop, lemuel_blue_sif_altar, uniq_urug
D:14:     layout_basic, infiniplex_staircase_pillars_2
D:15:     hangedman_depths_entry_civil_slaughter, layout_rooms,
          nicolae_uskayaw_suspiria, uniq_jorgrun
Temple:   eino_wide_crystal_templ
Lair:1:   layout_concentric_octagons, serial_bayou_shore_a
Lair:2:   lemuel_reptile_caves, layout_long_grid,
          nicolae_spider_entry_lesser_pyramids, serial_bayou_crossing,
          infiniplex_staircase_pool
Lair:3:   layout_roguey [special_room_mythical_zoo], swamp_mist_pool,
          portal_ice_cave_entry_pillars_1, st_stairs_12, serial_bayou_lake_a,
          lemuel_fruit_tree, grunt_megastairs_5, uniq_rupert
Lair:4:   layout_layer_cave, minmay_slime_entry_pillars,
          cheibrodos_lair_caveside_slide, hangedman_lair_generics_rect
Lair:5:   due_jungle_book, layout_concentric_octagons
Swamp:1:  layout_falls_marsh, hangedman_swamp_cone
Swamp:2:  layout_falls_marsh, evilmike_swamp_ruin_house_5, uniq_mlioglotl
Swamp:3:  layout_basic_swamp, evilmike_swamp_ruin_house_3,
          infiniplex_staircase_pool_2
Swamp:4:  grunt_swamp_rune_castle, layout_basic_swamp, swamp_pool_5,
          nicolae_swamp_orc_logging_accident
Spider:1: nicolae_spider_hilbert_zone_3 [nicolae_spider_hilbert_4_sides_2_open,
          nicolae_spider_hilbert_3_sides_1_open,
          nicolae_spider_hilbert_3_sides_1_open,
          nicolae_spider_hilbert_3_sides_1_open,
          nicolae_spider_hilbert_3_sides_1_open,
          nicolae_spider_hilbert_4_sides_1_open,
          nicolae_spider_hilbert_4_sides_1_open,
          nicolae_spider_hilbert_4_sides_1_open,
          nicolae_spider_hilbert_4_sides_1_open,
          nicolae_spider_hilbert_4_sides_1_open,
          nicolae_spider_hilbert_4_sides_1_open,
          nicolae_spider_hilbert_4_sides_1_open,
          nicolae_spider_hilbert_4_sides_1_open,
          nicolae_spider_hilbert_3_sides_1_open,
          nicolae_spider_hilbert_3_sides_1_open,
          nicolae_spider_hilbert_3_sides_1_open,
          nicolae_spider_hilbert_3_sides_1_open], drop_trap, uniq_asterion,
          uniq_roxanne
Spider:2: layout_spider_delve
Spider:3: layout_spider_delve
Spider:4: grunt_spider_rune_island
Slime:1:  layout_caves, nicolae_slime_phagocytosis
Slime:2:  layout_caves, nicolae_slime_getting_an_eyeful
Slime:3:  layout_caves, basic_altar
Slime:4:  nicolae_slime_pool, layout_caves, nicolae_slime_barrier
Slime:5:  slime_pit, uniq_dissolution
Orc:1:    layout_caves, serial_shops, nicolae_shop_tiny_real_fake_doors
Orc:2:    st_orc_elflike, layout_caves, ebering_ghost_reflecting_pool,
          serial_shops, nicolae_square_shop
Elf:1:    layout_loops_corners, special_room [special_room_mythical_zoo],
          nicolae_elf_crossing_hall, uniq_azrael, uniq_aizul
Elf:2:    nicolae_elf_blades_crystal_corner, layout_geoelf_grid
Elf:3:    minmay_elf_hall_dome, layout_geoelf_castle, serial_shops, shop,
          nicolae_elf_v_pinch, nicolae_elf_glassroom_feature
Vaults:1: nicolae_vaults_sightless_eye, dpeg_vaults_monster_row,
          vaults_room_grunt_arrival_checkpoint, hangedman_vaults_stitches,
          v_alt_pattern_1, grunt_vaults_hallway_short, nicolae_vaults_diamond_1,
          ontoclasm_vaults_twist, nicolae_vaults_house_1, layout_vaults_omnigrid
Vaults:2: vaults_dpeg_emergency_exit, nicolae_vaults_ellipses_ellipsis,
          nicolae_vaults_trapezoid_1, nicolae_vaults_door_testing_chamber,
          v_misc_18, wander_protected_by_tso, v_misc_15, v_misc_18, v_misc_33,
          nicolae_vaults_mini_display_case, nicolae_vaults_big_angled_halls,
          nicolae_vaults_bisected_slash, nicolae_vaults_double_plus_2,
          nicolae_vaults_angled_halls, nicolae_vaults_angled_halls,
          layout_vaults_maze, serial_shops, nicolae_shop_pleasant_corner_grove,
          shop_statue, nicolae_shop_back_alley_shop, shop, shop, uniq_sojobo,
          uniq_mennas
Vaults:3: nicolae_vaults_mitosis, blue_anna_dwarven_crypt, v_misc_32,
          vaults_dpeg_hooks, ontoclasm_vaults_tryst,
          hangedman_vaults_variations, vaults_room_fours,
          nicolae_vaults_trapezoid_lopsided_1, vaults_room_fancy_cross,
          vaults_room_pools, nicolae_vaults_trapezoid_2, layout_vaults_ring,
          serial_shops, freezing_bzr
Vaults:4: hangedman_vaults_stream, nicolae_vaults_network_periphery,
          nicolae_vaults_puzzle_piece, v_misc_33, ontoclasm_vaults_gateway,
          v_misc_33, v_misc_29, nicolae_vaults_octothorpe, nicolae_vaults_theta,
          nicolae_vaults_tetromino_Z_2, nicolae_vaults_little_squares_5,
          layout_vaults_omnibox, serial_shops, nicolae_shop_behind_doors,
          uniq_saint_roka
Depths:1: layout_basic, pf_coc_iceberg, elyvilon_altar_1,
          nicolae_figureground_pulse
Depths:2: minmay_the_grid_octo_tiled_octocenter_mashed
          [minmay_the_grid_octo_shrine, minmay_the_grid_octo_fan_narrow,
          minmay_the_grid_octo_clover_2, minmay_the_grid_octo_checkered,
          minmay_the_grid_octo_prize_single_spiral,
          minmay_the_grid_square_5x5_v, minmay_the_grid_square_5x5_minimal,
          minmay_the_grid_square_5x5_spiral_small,
          minmay_the_grid_square_5x5_shrine2], layout_basic,
          grunt_pan_entry_spiral, abyss_entry, hell_entry,
          infiniplex_staircase_zigzag_2
Depths:3: minmay_tri_stars, layout_cave_shapes, enter_ziggurat_d,
          corexii_leaking_fountain, grunt_mini_vestibule, abyss_entry,
          gammafunk_ghost_berserking_beasts, special_room [special_room_morgue]
Depths:4: grunt_zot_entry_pinwheel, layout_cave_shapes, abyss_entry, hell_entry
Zot:1:    circus_mu, layout_basic, regret_index_zotdec_tunneler,
          regret_index_zotdec_decaying_basic, grunt_ministairs_6
Zot:2:    grunt_deathspiral_small, layout_onion_interference, uniq_parghit
Zot:3:    layout_cathedral_of_symmetry, regret_index_zotdec_banners
Zot:4:    layout_gridlike, grunt_megastairs_3
Zot:5:    layout_basic

Skill      XL: |  1  2  3  4  5  6  7  8  9 10 11 12 13 14 15 16 17 18 19 20 21 22 23 24 25 26 |
---------------+-------------------------------------------------------------------------------+-----
Invocations    | 1 2 3 4 5 6 7 8 9 10 11 12 13 14 15 16 17 18 19 | 19.8
Short Blades   | 1 2 3 5 6 7 8 9 10 11 12 13 14 15 16 17 18 | 18.3
Long Blades    | 1 2 3 5 6 7 8 9 10 11 12 13 14 15 16 17 18 | 18.3
Axes           | 1 2 3 5 6 7 8 9 10 11 12 13 14 15 16 17 18 | 18.3
Maces & Flails | 1 2 3 5 6 7 8 9 10 11 12 13 14 15 16 17 18 | 18.3
Polearms       | 1 2 3 5 6 7 8 9 10 11 12 13 14 15 16 17 18 | 18.3
Staves         | 1 2 3 5 6 7 8 9 10 11 12 13 14 15 16 17 18 | 18.3
Ranged Weapons | 1 2 3 5 6 7 8 9 10 11 12 13 14 15 16 17 18 | 18.3
Throwing       | 1 2 3 5 6 7 8 9 10 11 12 13 14 15 16 17 18 | 18.3
Shields        | 1 2 3 5 6 7 8 9 10 11 12 13 14 15 16 17 18 | 18.3
Unarmed Combat | 1 2 3 5 6 7 8 9 10 11 12 13 14 15 16 17 18 | 18.3
Spellcasting   | 1 2 3 5 6 7 8 9 10 11 12 13 14 15 16 17 18 | 18.3
Shapeshifting  | 1 2 3 4 5 6 7 8 9 10 11 12 13 14 15 16 | 16.9
Conjurations   | 1 2 3 4 5 6 7 8 9 10 11 12 13 14 15 | 15.6
Hexes          | 1 2 3 4 5 6 7 8 9 10 11 12 13 14 15 | 15.6
Summonings     | 1 2 3 4 5 6 7 8 9 10 11 12 13 14 15 16 17 18 19 | 19.0
Necromancy     | 1 2 3 4 5 6 7 8 9 10 11 12 13 14 15 | 15.6
Translocations | 1 2 3 4 5 6 7 8 9 10 11 12 13 14 15 | 15.6
Fire Magic     | 1 2 3 4 5 6 7 8 9 10 11 12 13 14 16 | 16.8
Ice Magic      | 1 2 3 4 5 6 7 8 9 10 11 12 13 14 15 | 15.6
Air Magic      | 1 2 3 4 5 6 7 8 9 10 11 12 13 14 15 | 15.6
Earth Magic    | 1 2 3 4 5 6 7 8 9 10 11 12 13 14 15 | 15.6
Alchemy        | 1 2 3 4 5 6 7 8 9 10 11 12 13 14 15 | 15.6
Fighting       | 3 4 5 6 7 8 9 10 11 12 13 14 15 16 17 18 | 18.5
Dodging        | 3 4 5 6 7 8 9 10 11 12 13 14 15 16 17 18 | 18.5
Stealth        | 3 4 5 6 7 8 9 10 11 12 13 14 15 16 17 18 | 18.5
Armour         | 5 6 7 8 9 10 11 12 13 14 15 16 17 18 | 18.8
Evocations     | 7 8 9 10 11 12 13 14 15 16 17 18 19 | 19.3

Action                     |  1- 3 |  4- 6 |  7- 9 | 10-12 | 13-15 | 16-18 | 19-21 | 22-24 | 25-27 || total
---------------------------+-------+-------+-------+-------+-------+-------+-------+-------+-------++-------
  Melee: Dagger            |    44 |       |       |       |       |       |       |       |       ||    44
         Club              |    10 |       |       |       |       |       |       |       |       ||    10
         Bite              |     9 |    16 |    35 |    36 |   160 |   151 |   133 |   200 |    72 ||   812
         Whip              |    50 |   148 |   222 |    33 |       |       |       |       |       ||   453
         Punch             |       |       |    11 |       |       |       |       |       |       ||    11
         Flail             |       |       |     3 |       |       |       |       |       |       ||     3
         Trident           |       |       |       |   338 |   408 |   348 |       |       |       ||  1094
         Demon trident     |       |       |       |       |   604 |   587 |   930 |  1247 |   506 ||  3874
  Throw: Dart              |       |     5 |    15 |     6 |     4 |     2 |       |       |       ||    32
         Boomerang         |       |       |     7 |     1 |       |       |       |       |       ||     8
         Throwing net      |       |       |       |       |     1 |       |       |       |       ||     1
         Javelin           |       |       |       |       |       |     6 |       |       |       ||     6
   Cast: Apportation       |       |       |       |       |     2 |       |       |       |       ||     2
         Olgreb's Toxic Ra |       |       |       |       |       |    41 |     2 |     1 |       ||    44
         Borgnjor's Vile C |       |       |       |       |       |       |     1 |     1 |       ||     2
         Summon Forest     |       |       |       |       |       |       |       |     9 |     9 ||    18
         Freezing Cloud    |       |       |       |       |       |       |       |     9 |     9 ||    18
         Monstrous Menager |       |       |       |       |       |       |       |     7 |    11 ||    18
         Stone Arrow       |       |       |       |       |       |       |       |     1 |       ||     1
         Summon Hydra      |       |       |       |       |       |       |       |       |    16 ||    16
         Summon Mana Viper |       |       |       |       |       |       |       |       |    14 ||    14
         Malign Gateway    |       |       |       |       |       |       |       |       |    12 ||    12
         Passage of Golubr |       |       |       |       |       |       |       |       |     1 ||     1
 Invoke: Recall Ancestor   |       |       |     2 |       |     2 |     2 |     1 |    10 |     2 ||    19
         Ancestor Life: Ba |       |       |     1 |       |       |       |       |       |       ||     1
         Transference      |       |       |       |       |     1 |       |       |       |       ||     1
         Idealise          |       |       |       |       |       |       |     1 |     1 |     2 ||     4
  Evoke: Wand              |     3 |     5 |     8 |     4 |     6 |    32 |     5 |     1 |     1 ||    65
         Phial of floods   |       |       |       |       |     1 |       |       |       |       ||     1
         Lightning rod     |       |       |       |       |     4 |     4 |     3 |       |       ||    11
         Condenser vane    |       |       |       |       |     2 |     4 |     4 |     2 |     1 ||    13
         Phantom mirror    |       |       |       |       |       |     3 |     4 |     2 |     2 ||    11
    Use: Scroll            |     6 |     3 |       |    13 |    10 |    11 |     3 |     2 |    13 ||    61
         Potion            |       |       |       |     4 |       |     1 |     1 |     3 |     7 ||    16
   Stab: Sleeping          |     1 |     2 |     1 |     2 |    11 |    18 |    13 |     9 |     3 ||    60
         Distracted        |       |       |     4 |    11 |    24 |    32 |    48 |    69 |    31 ||   219
         Paralysed         |       |       |     7 |       |       |       |       |       |       ||     7
         Invisible         |       |       |       |     2 |       |     2 |       |       |       ||     4
         Held in net/web   |       |       |       |       |     3 |       |       |       |       ||     3
 Armour: Ring mail         |    58 |    89 |   199 |    20 |       |       |       |       |       ||   366
         Leather armour    |     7 |       |       |       |       |       |       |       |       ||     7
         Chain mail        |       |       |       |   255 |   508 |   620 |   382 |   492 |   238 ||  2495
  Dodge: Dodged            |    78 |    91 |   163 |   139 |   241 |   336 |   211 |   288 |   154 ||  1701
         Repelled          |       |       |       |       |     3 |    10 |    11 |    15 |    12 ||    51
  Block: Kite shield       |       |       |       |   200 |   465 |   487 |   294 |   399 |   175 ||  2020
